AoeStats
← heinz452

Black Forest

503133479Analyzed
2v2 RM · 1mo ago on Aug 30, 2026· 65m 49s· 4 players
Game mode
Random Map
Map size
Medium (4 player)
Population
200
Speed
Normal
Resources
Standard
Victory
Conquest
Starting age
Dark Age
Ending age
Imperial Age
RankedLock teamsTeams togetherTeam positionsShared explorationLock speedFull tech treeHidden civsTurbo modeCheats
Victory
Defeat
🇺🇸 Teutons · United States
766
+36
🇺🇸 Spanish · United States
756
+37
🇪🇸 Goths · Spain
732
-15
🇧🇷 Franks · Brazil
691
-13
Dande1987
0:29 Loom
13:21 Feudal Age
14:50 Wheelbarrow
14:03 Horse Collar
14:59 Town Watch
15:07 Double-Bit Axe
15:16 Gold Mining
16:29 Stone Mining
18:58 Man-at-Arms
20:12 Town Watch
27:12 Castle Age
26:57 Scale Mail Armor
27:07 Forging
27:45 Bloodlines
27:48 Long Swordsman
28:59 Pikeman
29:39 Squires
29:44 Husbandry
31:52 Hand Cart
31:51 Bow Saw
31:44 Pikeman
33:26 Town Patrol
40:40 Chain Mail Armor
41:00 Iron Casting
40:33 Anarchy
42:13 Heavy Plow
45:30 Imperial Age
45:42 Stone Shaft Mining
44:39 Light Cavalry
46:47 Sappers
47:38 Guilds
47:59 Coinage
47:39 Caravan
47:27 Two-Handed Swordsman
50:27 Masonry
50:11 Fletching
51:31 Elite Skirmisher
55:32 Chemistry
54:53 Ballistics
56:39 Banking
57:10 Cavalier
62:26 Elite Huskarl
63:47 Scale Barding Armor
64:43 Blast Furnace
63:38 Bodkin Arrow
63:44 Padded Archer Armor
63:33 Heavy Cavalry Archer
66:02 Architecture
Default player
0:37 Loom
14:36 Feudal Age
18:55 Castle Age
17:42 Double-Bit Axe
17:54 Gold Mining
25:20 Bow Saw
26:31 Wheelbarrow
26:53 Town Watch
27:33 Scale Barding Armor
27:39 Forging
27:56 Scale Mail Armor
28:36 Hand Cart
30:41 Town Patrol
32:45 Husbandry
32:06 Light Cavalry
37:23 Imperial Age
36:22 Chain Mail Armor
37:58 Capped Ram
41:19 Cavalier
43:46 Iron Casting
43:41 Plate Mail Armor
45:08 Chain Barding Armor
45:50 Blast Furnace
45:48 Gold Shaft Mining
45:30 Paladin
54:32 Fletching
54:43 Padded Archer Armor
54:54 Crossbowman
58:18 Bodkin Arrow
58:38 Leather Archer Armor
jfin45
15:05 Feudal Age
17:10 Double-Bit Axe
20:25 Gold Mining
22:06 Fishing Lines
24:47 Wheelbarrow
24:14 Stone Mining
29:13 Man-at-Arms
32:33 Castle Age
33:31 Hand Cart
34:04 Stone Shaft Mining
33:11 Long Swordsman
33:38 Gambesons
34:14 Forging
34:05 Scale Mail Armor
35:00 Pikeman
46:53 Gillnets
64:59 Caravan
heinz452
14:21 Feudal Age
16:49 Horse Collar
20:11 Castle Age
18:58 Double-Bit Axe
22:21 Wheelbarrow
22:47 Heavy Plow
23:01 Town Watch
23:19 Loom
24:09 Man-at-Arms
24:35 Gambesons
26:56 Hand Cart
29:36 Forging
29:26 Scale Mail Armor
34:52 Imperial Age
34:46 Pikeman
35:27 Squires
41:19 Conscription
41:17 Town Patrol
44:12 Chain Mail Armor
44:33 Iron Casting
46:02 Elite Teutonic Knight
48:05 Plate Mail Armor
48:35 Blast Furnace
49:24 Arson
61:32 Caravan
Connection lost

Rejoining the realm…

Still unreachable

The connection could not be restored.

Session expired

The server has moved on; the page needs a fresh start.